 Dungeon Crawl Stone Soup version 0.19-a0-1201-gda63bca (webtiles) character file.

138 Leszczynek the Cudgeler (level 5, -1/54 HPs)
             Began as an Ogre Earth Elementalist on Aug 20, 2016.
             Slain by an ogre
             ... wielding a +0 giant club
              (18 damage)
             ... on level 4 of the Dungeon.
             The game lasted 00:06:12 (1178 turns).

Leszczynek the Cudgeler (Ogre Earth Elementalist)   Turns: 1178, Time: 00:06:12

Health: -1/54      AC:  5    Str: 14    XL:     5   Next: 21%
Magic:  7/8        EV: 10    Int: 14    God:
Gold:   89         SH:  0    Dex: 10    Spells: 2 memorised, 5 levels left

rFire  . . .     SeeInvis .     a - +3 trident
rCold  . . .     Gourm    .     l - +1 animal skin
rNeg   . . .     Faith    .     (no shield)
rPois  .         Spirit   .     (helmet restricted)
rElec  .         Dismiss  .     r - +0 cloak
rCorr  .         Reflect  .     (gloves unavailable)
MR     .....     Harm     .     (boots unavailable)
Stlth  +.........               (no amulet)
                                (no ring)
                                (no ring)

@: no status effects
A: unfitting armour, tough skin 1
a: no special abilities


You were on level 4 of the Dungeon.
You were not hungry.

You visited 1 branch of the dungeon, and saw 4 of its levels.

You collected 89 gold pieces.

Inventory:

Hand Weapons
 a - a +3 trident (weapon)
 i - a +0 club
 m - a +0 hunting sling
 p - a +0 whip
Missiles
 b - 51 stones (quivered)
 j - 19 sling bullets
Armour
 l - a +1 animal skin (worn)
 r - a +0 cloak (worn)
Scrolls
 n - a scroll of remove curse {unknown}
 s - a scroll of identify {unknown}
Potions
 c - a potion of haste {unknown}
 h - a potion of beneficial mutation {unknown}
 k - a potion of heal wounds {unknown}
 o - a potion of agility {unknown}
 t - a potion of curing {unknown}
Books
 e - a book of Geomancy

   Spells                             Type                      Level
   a - Sandblast                      Earth                        1
   b - Passwall                       Transmutation/Earth          2
   c - Stone Arrow                    Conjuration/Earth            3
   d - Petrify                        Transmutation/Earth          4
   e - Lee's Rapid Deconstruction     Earth                        5
Comestibles
 d - 5 bread rations
 f - 4 chunks of flesh
 g - a meat ration
 q - 3 fruits


   Skills:
 - Level 3.7 Fighting
 + Level 4.7 Maces & Flails
 - Level 1.7 Dodging
 - Level 1.5 Stealth
 - Level 2.4 Spellcasting
 - Level 0.6 Transmutations
 - Level 2.1 Earth Magic


You had 5 spell levels left.
You knew the following spells:

 Your Spells              Type           Power        Failure   Level  Hunger
a - Sandblast             Erth           #.....       12%         1    #......
b - Passwall              Tmut/Erth      #.........   21%         2    ###....


Dungeon Overview and Level Annotations

Branches:
Dungeon (4/15)
 Temple: D:4-7

Altars:


Innate Abilities, Weirdness & Mutations

You are too large for most types of armour.
You have tough skin. (AC +1)


Message History

a - a +3 trident (weapon)
Attack whom?
Press: ? - help, Dir - move target cursor, f/p - ogre
Aim: an ogre, wielding a giant club (lightly wounded)
You reach to attack!
You puncture the ogre!
The ogre is heavily wounded.
The ogre barely misses you.
You hit the ogre.
The ogre is severely wounded.
The ogre hits you with a giant club!!
You hit the ogre.
The ogre is severely wounded.
The ogre barely misses you.
You barely miss the ogre.
The ogre is severely wounded.
The ogre hits you with a giant club!!
You barely miss the ogre.
The ogre is severely wounded.
The ogre hits you with a giant club!!
You die...

#.#.#.....## #.......#
#.#.#.....### #.#####.#
#...#.....#<# #.# #.#
....#.....#.# #.# #.#
#.....#+###.# #.# #.#
....#.#.###.###.### #.#
#.............# #.#
#.###############.#
#..........O@.....#
#."...#################
#.##. #


You could see an ogre.

Vanquished Creatures
  A howler monkey (D:4)
  Jessica (D:2)
  Robin (D:2)
  An adder (D:3)
  3 worms (D:3)
  A dart slug (D:2)
  A giant gecko (D:1)
  4 ball pythons
  3 bats
  A giant cockroach (D:3)
  12 goblins
  3 hobgoblins (D:2)
  3 jackals (D:3)
  A quokka (D:3)
  4 giant newts
  A kobold (D:3)
  4 rats (D:3)
45 creatures vanquished.

Notes
Turn   | Place    | Note
-------+----------+-------------------------------------------
     0 | D:1      | Leszczynek the Ogre Earth Elementalist began the quest for the Orb.
     0 | D:1      | Reached XP level 1. HP: 16/16 MP: 3/3
    49 | D:1      | Reached skill level 1 in Fighting
   117 | D:1      | Reached skill level 2 in Fighting
   118 | D:1      | Reached XP level 2. HP: 24/28 MP: 0/5
   190 | D:2      | Noticed Jessica
   195 | D:2      | Killed Jessica
   195 | D:2      | Reached skill level 3 in Fighting
   195 | D:2      | Reached XP level 3. HP: 39/39 MP: 3/6
   279 | D:2      | Noticed Robin
   294 | D:2      | Reached skill level 1 in Maces & Flails
   309 | D:2      | Killed Robin
   309 | D:2      | Reached skill level 2 in Maces & Flails
   309 | D:2      | Reached XP level 4. HP: 28/48 MP: 7/7
   385 | D:3      | Learned a level 2 spell: Passwall
   566 | D:3      | Reached skill level 3 in Maces & Flails
  1023 | D:4      | Reached skill level 4 in Maces & Flails
  1023 | D:4      | Reached XP level 5. HP: 54/54 MP: 8/8
  1162 | D:4      | Noticed an ogre
  1178 | D:4      | Slain by an ogre

Vault maps used:
D:1:      tarquinn_simple_flora_water_a, serial_bayou_crossing
D:2:      nicolae_dithmenos_through_a_glass_darkly, uniq_robin, uniq_sigmund,
          uniq_jessica
D:3:      kennysheep_cluttered_room, uniq_iyjb
D:4:      nicolae_overflow_crystal_walls, first_bread, uniq_duvessa,
          uniq_natasha

Skill      XL: |  1  2  3  4 |
---------------+-------------+-----
Fighting       | 2 3 |  3.7
Maces & Flails | 2 4 |  4.7
Dodging        | |  1.7
Stealth        | |  1.5
Spellcasting   | |  2.4
Transmutations | |  0.6
Earth Magic    | |  2.1

Action                   |  1- 3 |  4- 6 || total
-------------------------+-------+-------++-------
Melee: Trident           |    25 |    91 ||   116
 Cast: Sandblast         |     8 |     4 ||    12
  Use: Potion            |     1 |       ||     1
 Stab: Sleeping          |       |     1 ||     1
  Eat: Chunk             |       |     1 ||     1
Armor: Robe              |     7 |       ||     7
       Skin              |     2 |       ||     2
       Animal skin       |       |    21 ||    21
Dodge: Dodged            |     9 |    46 ||    55
